 Dungeon Crawl Stone Soup version 0.30-a0-711-gf4ac18a38d (webtiles) character file.

Game seed: 4390581629473445354

324 Leeroy the Slasher (level 6, -1/35 HPs)
             Began as a Tengu Warper on Jan 22, 2023.
             Killed by divine providence
             ... invoked by an orc priest
              (14 damage)
             ... on level 4 of the Dungeon.
             The game lasted 00:07:25 (2923 turns).

Leeroy the Slasher (Tengu Warper)                   Turns: 2923, Time: 00:07:26

Health: -1/35      AC: 14    Str: 11    XL:     6   Next: 48%
Magic:  8/10       EV: 18    Int: 18    God:
Gold:   110        SH:  0    Dex: 21    Spells: 4/9 levels left

rFire   . . .      SeeInvis .    a - +0 falchion
rCold   . . .      Faith    .    (no shield)
rNeg    . . .      Spirit   .    w - +8 ring mail "Icsow" {Rampage rCorr Int+4}
rPois   .          Reflect  .    (helmet restricted)
rElec   .          Harm     .    y - +0 cloak
rCorr   +          Rampage  +    (no gloves)
Will    .....                    (boots unavailable)
Stlth   +                        (no amulet)
HPRegen 0.25/turn                k - +6 ring of dexterity
MPRegen 0.12/turn                s - +5 ring of evasion

@: on blink cooldown, flying quickly and evasively, quick
A: beak, talons 3, nimble flight
a: no special abilities


You were on level 4 of the Dungeon.
You visited 1 branch of the dungeon, and saw 4 of its levels.

You collected 110 gold pieces.

Inventory:

Hand Weapons
 a - a +0 falchion (weapon)
 j - a +0 dagger of draining
Missiles
 c - 7 boomerangs
 d - 7 boomerangs of dispersal (quivered)
 t - 11 poisoned darts
Armour
 b - a +0 leather armour
 g - a +0 buckler
 w - the +8 ring mail "Icsow" (worn) {Rampage rCorr Int+4}
   (You found it on level 2 of the Dungeon)

   Int:       It affects your intelligence (+4).
   rCorr:     It protects you from acid and corrosion.
   Rampage:   It bestows one free step when moving towards enemies.
 x - a +2 leather armour of positive energy
 y - a +0 cloak (worn)
Magical Staves
 v - a staff of poison
Jewellery
 e - a ring of fire
 k - a +6 ring of dexterity (left hand)
 m - a ring of fire
 s - a +5 ring of evasion (right hand)
Scrolls
 f - 2 scrolls of immolation {unknown}
 h - 2 scrolls of enchant weapon {unknown}
 i - 2 scrolls of butterflies {unknown}
 l - 2 scrolls of fear {unknown}
 o - 4 scrolls of enchant armour {unknown}
 p - a scroll of poison {unknown}
 r - a scroll of teleportation {unknown}
 u - 2 scrolls of identify {unknown}
Potions
 q - a potion of cancellation
 z - a potion of might {unknown}
 A - a potion of flight


   Skills:
 - Level 2.0 Fighting
 - Level 7.0 Long Blades
 - Level 1.0 Throwing
 + Level 2.3 Armour
 - Level 2.1 Dodging
 - Level 2.0 Spellcasting
 - Level 2.4 Translocations


You had 4 spell levels left.
You knew the following spells:

 Your Spells              Type           Power      Damage    Failure   Level
a - Blink                 Tloc           20%        N/A       24%         2
b - Vhi's Electric Charg  Tloc/Air       12%        N/A       61%         3

Your spell library contained the following spells:

 Spells                   Type           Power      Damage    Failure   Level
 Lesser Beckoning         Tloc           20%        N/A       24%         2
 Magic Dart               Conj           4%         1d3       38%         1
 Shock                    Conj/Air       4%         1d3       38%         1
 Gell's Gravitas          Tloc           10%        N/A       43%         3
 Teleport Other           Tloc           10%        N/A       43%         3
 Call Imp                 Summ           1%         N/A       54%         2
 Hailstorm                Conj/Ice       1%         3d3       77%         3
 Mephitic Cloud           Conj/Pois/Air  1%         N/A       77%         3
 Manifold Assault         Tloc           10%        N/A       85%         4
 Iskenderun's Mystic Bla  Conj/Tloc      6%         2d4       95%         4
 Summon Mana Viper        Hex/Summ       1%         N/A       100%        5
 Orb of Destruction       Conj           0%         9d5       100%        7


Dungeon Overview and Level Annotations

Branches:
Dungeon (4/15)
 Temple: D:4-7

Altars:
Ashenzari
Cheibriados
Nemelex Xobeh
Wu Jian

Shops:
D:2 [*==*   D:4 [


Innate Abilities, Weirdness & Mutations

You have a beak for a mouth.
You have claws for feet.
Your magical nature lets you fly swiftly and evasively.


Message History

You peck the orc priest, but do no damage.
The orc priest is almost dead.
The orc misses you. The orc hits you with a +0 dagger.
The orc priest barely misses you. Something hits you.
The orc hits you with a +0 war axe.
You're too confused to move!
The orc completely misses you. Something hits you but does no damage.
The orc closely misses you.
The orc priest hits you but does no damage.
The orc closely misses you.
You're too confused to cast spells.
Unknown command.
It was a potion of cancellation.
Your magical effects are unravelling.
You feel magically purged.
You feel less confused.
The orc priest hits you but does no damage.
You hear some strange, mumbled words.
You are confused.
The orc misses you. The orc closely misses you. The orc barely misses you.
It was a potion of flight.
You feel more buoyant. The orc hits you with a +0 trident.
* * * LOW HITPOINT WARNING * * *
The orc misses you. The orc priest hits you with a +0 mace.
* * * LOW HITPOINT WARNING * * *
Something hits you but does no damage. The orc closely misses you.
It was a potion of curing.
You feel better. The orc closely misses you. x2
The orc priest hits you but does no damage.
Something hits you but does no damage. The orc closely misses you.
Okay, then.
You hit the orc priest but do no damage.
The orc priest is almost dead.
The orc priest closely misses you. The orc closely misses you.
Something hits you. The orc hits you but does no damage.
The orc barely misses you.
Cast which spell? (? or * to list)
You blink.
Found Fueppyol's Armour Shoppe.
The orc priest calls down the wrath of Beogh upon you.
Beogh smites you!
You die...

...#..........
...............).†
#..####..#.##..##. #
##..####..#####.... ###.
...........#...##. .....
..............###.
.....##........##...##..
................###.....
.....#.@....##...#......
#.........#........##
..#..##.........####.##
................## ..#.
..#.#..........#..# .#
...∩......o.......# ..
.##.#.##o.o..##...# .
#...##...o..#.......
#...#........#.......


You could see an orc priest and 3 orcs.

Vanquished Creatures
  A black bear (D:4)
  Crazy Yiuf (D:3)
  Jessica (D:2)
  An iguana (D:4)
  An orc wizard (D:2)
  6 adders
  A worm (D:2)
  2 dart slugs
  2 orcs
  11 ball pythons
  8 endoplasms
  2 giant cockroaches
  3 goblins
  5 hobgoblins
  2 jackals (D:1)
  6 quokkas
  3 bats
  6 frilled lizards
  7 kobolds
  2 rats (D:1)
71 creatures vanquished.

Notes
Turn   | Place    | Note
-------+----------+-------------------------------------------
     0 | D:1      | Leeroy the Tengu Warper began the quest for the Orb.
     0 | D:1      | Reached XP level 1. HP: 12/12 MP: 4/4
    43 | D:1      | Reached XP level 2. HP: 15/17 MP: 6/6
    68 | D:1      | Reached skill level 3 in Long Blades
   469 | D:1      | Reached XP level 3. HP: 18/21 MP: 7/7
   512 | D:1      | Reached skill level 4 in Long Blades
   628 | D:1      | Learned a level 2 spell: Blink
   632 | D:1      | Learned a level 3 spell: Vhi's Electric Charge
  1168 | D:1      | Reached XP level 4. HP: 13/26 MP: 8/8
  1244 | D:2      | Reached skill level 5 in Long Blades
  1267 | D:2      | Found Naxibroun's Jewellery Emporium.
  1292 | D:2      | Found Fuisais's Jewellery Boutique.
  1332 | D:2      | Noticed Jessica
  1336 | D:2      | Killed Jessica
  1337 | D:2      | Gained mutation: Your magical nature lets you fly swiftly
                  | and evasively. [Tengu growth]
  1337 | D:2      | Reached XP level 5. HP: 30/30 MP: 9/9
  1608 | D:2      | Identified the +8 ring mail "Icsow" {Rampage rCorr Int+4}
  1633 | D:2      | Found Woady's Assorted Antiques.
  1795 | D:2      | Found Zibocugg's Antique Armour Emporium.
  1814 | D:2      | Found Ucoitraobb's General Store.
  2042 | D:3      | Found a snail-covered altar of Cheibriados.
  2051 | D:3      | Found a faded altar of an unknown god.
  2096 | D:3      | Reached skill level 6 in Long Blades
  2200 | D:3      | Found an ornate altar of the Wu Jian Council.
  2206 | D:3      | Noticed a spectral centipede
  2206 | D:3      | Noticed a spectral black mamba
  2206 | D:3      | Noticed a spectral cane toad
  2264 | D:3      | Found a sparkling altar of Nemelex Xobeh.
  2335 | D:3      | Found a broken altar of Ashenzari.
  2524 | D:3      | Found a runed translucent door.
  2525 | D:3      | Noticed Crazy Yiuf
  2777 | D:3      | Killed Crazy Yiuf
  2831 | D:4      | Reached XP level 6. HP: 35/35 MP: 10/10
  2840 | D:4      | Got the Omnibus of Massed Impulse
  2847 | D:4      | Noticed a black bear
  2864 | D:4      | Killed a black bear
  2865 | D:4      | Reached skill level 7 in Long Blades
  2920 | D:4      | Found Fueppyol's Armour Shoppe.
  2923 | D:4      | Killed from afar by an orc priest

Illustrated notes

Levels and vault maps discovered:
D:1:      dpeg_arrival_erosion, layout_basic
D:2:      layout_rooms, serial_shops, nicolae_diamond_shop,
          nicolae_shop_hallway_plus, shop, nicolae_shop_crystal,
          nicolae_shop_stone, nicolae_half_adder, uniq_jessica
D:3:      layout_loops_ring, pdpol_wu_jian_five_deadly_venoms,
          lemuel_tele_altar, mainiacjoe_overflow_surrounded_room,
          lemuel_round_altar, chequers_ecumenical_altar_simple_redux,
          minmay_misc_feat_tiny, uniq_crazy_yiuf_cottage
D:4:      layout_cave_pools, serial_shops, nicolae_shop_crystal

Skill      XL: |  1  2  3  4  5  6 |
---------------+-------------------+-----
Long Blades    | 3 4 5 6 7 |  7.0
Armour         | 2 |  2.3
Fighting       | |  2.0
Throwing       | |  1.0
Dodging        | |  2.1
Spellcasting   | |  2.0
Translocations | |  2.4

Action                     |  1- 3 |  4- 6 || total
---------------------------+-------+-------++-------
  Melee: Falchion          |    75 |    96 ||   171
         Kick              |    15 |    26 ||    41
         Peck              |    10 |    20 ||    30
         Punch             |     1 |     3 ||     4
   Cast: Blink             |       |     1 ||     1
    Use: Scroll            |     1 |       ||     1
         Potion            |       |     3 ||     3
   Stab: Sleeping          |     4 |       ||     4
 Armour: Leather armour    |     8 |     9 ||    17
         Ring mail         |       |    43 ||    43
  Dodge: Dodged            |    54 |   102 ||   156

Table legend: (Time is in decaauts)
 A = Elapsed time spent in this place.
 B = Non-inter-level travel time spent in this place.
 C = Inter-level travel time spent in this place.
 D = Time resting spent in this place.
 E = Time spent auto-exploring this place.
 F = Levels seen in this place.
 G = Mean time per level.
                   A        B        C        D        E       F      G
               +--------+--------+--------+--------+--------+-----+--------+
         Total |   2804 |   2582 |    222 |    309 |   1694 |   4 |  701.0 |
       Dungeon |   2804 |   2582 |    222 |    309 |   1694 |   4 |  701.0 |
               +--------+--------+--------+--------+--------+-----+--------+

Top non-repeatable levels by time:
     D:1: 1224 daAuts
     D:3: 750 daAuts
     D:2: 734 daAuts
     D:4: 93 daAuts
